 Dungeon Crawl Stone Soup version 0.26-a0-812-g31a745ddcd (webtiles) character file.

Game seed: 6563782699890708037

4533 marklar909 the Martial Artist (level 10, -1/83 HPs)
             Began as a Yellow Draconian Transmuter on Nov 14, 2020.
             Was a Follower of Makhleb.
             Killed by nerve-wracking pain
             ... invoked by an orc priest
              (12 damage)
             ... on level 8 of the Dungeon.
             The game lasted 00:15:21 (10864 turns).

marklar909 the Martial Artist (DrTm)               Turns: 10864, Time: 00:15:22

Health: -1/83      AC: 13    Str: 13    XL:     10   Next: 17%
Magic:  10/13      EV: 16    Int: 19    God:    Makhleb [*.....]
Gold:   305        SH:  5    Dex: 15    Spells: 2/13 levels left

rFire    . . .     SeeInvis .     - Unarmed
rCold    . . .     Faith    .   (no shield)
rNeg     . . .     Spirit   .   (armour unavailable)
rPois    .         Reflect  +   (helmet restricted)
rElec    .         Harm     .   o - +2 cloak
rCorr    +         Rampage  .   G - +2 pair of gloves
MR       .....                  (no boots)
Stlth    ++........             l - amulet of reflection
HPRegen  0.23/turn              y - +4 ring of slaying
MPRegen  0.13/turn              D - +6 ring of intelligence

@: short of breath, wereblooded, very slightly contaminated
A: spit acid, unfitting armour, cold-blooded, acid resistance, AC +7
a: Breathe Acid, Renounce Religion


You were on level 8 of the Dungeon.
You worshipped Makhleb.
Makhleb was aware of your devotion.
You visited 2 branches of the dungeon, and saw 9 of its levels.

You collected 509 gold pieces.
You spent 204 gold pieces at shops.

Inventory:

Missiles
 j - 225 stones
 k - 30 poisoned darts (quivered)
Armour
 o - a +2 cloak (worn)
 G - a +2 pair of gloves (worn)
Jewellery
 e - an uncursed ring of flight
 l - an amulet of reflection (around neck)
 v - an uncursed ring of protection from fire
 x - an uncursed ring of magical power {unknown}
 y - a +4 ring of slaying (left hand)
 B - a cursed ring of attention {unknown}
 D - a +6 ring of intelligence (right hand)
 F - an uncursed ring of wizardry
 H - an uncursed ring of positive energy {unknown}
 I - an uncursed ring of protection from fire
Wands
 q - a wand of flame (9)
 r - a wand of random effects (18)
 A - a wand of paralysis (7)
Scrolls
 a - 3 scrolls of immolation
 b - 3 scrolls of amnesia
 g - 5 scrolls of remove curse
 i - 7 scrolls of identify
 m - 2 scrolls of magic mapping
 n - 3 scrolls of fog
 s - 2 scrolls of fear
 w - 3 scrolls of enchant weapon
Potions
 d - 3 potions of magic
 f - 2 potions of curing
 h - 2 potions of flight {unknown}
 p - a potion of heal wounds
 t - 5 potions of brilliance
 u - a potion of berserk rage {unknown}
 z - 2 potions of haste {unknown}
 C - a potion of attraction {unknown}
 E - a potion of lignification


   Skills:
 * Level 6.3 Fighting
 + Level 1.4 Throwing
 * Level 6.0 Dodging
 + Level 2.2 Stealth
 + Level 8.7 Unarmed Combat
 - Level 2.4 Spellcasting
 * Level 7.9 Transmutations
 + Level 3.1 Poison Magic


You had 2 spell levels left.
You knew the following spells:

 Your Spells              Type           Power        Failure   Level
a - Beastly Appendage     Tmut           ####..       1%          1
b - Wereblood             Tmut           ####....     1%          2
c - Spider Form           Tmut/Pois      ###.......   4%          3
d - Blade Hands           Tmut           ####......   17%         5

Your spell library contained the following spells:

 Spells                   Type           Power        Failure   Level
 Ice Form                 Ice/Tmut       ###.....     30%         4


Dungeon Overview and Level Annotations

Branches:
Dungeon (8/15)             Temple (1/1) D:6
   Lair: D:8-11

Altars:
Ashenzari
Gozag
Hepliaklqana
Kikubaaqudgha
Makhleb
Okawaru
Qazlal
Ru
Sif Muna
Trog
Uskayaw
Vehumet
Xom
Zin

Shops:
D:4 *   D:6 !   D:7 !

Annotations:
D:3 4 runed translucent doors, Crazy Yiuf; frankcastle's ghost, amateur GnWn
D:5 1 runed translucent door, DonnieDarkness's ghost, novice GnWn
D:8 Erica; Grum


Innate Abilities, Weirdness & Mutations

You can spit globs of acid.
Your golden yellow scales are hard. (AC +7)
You cannot fit into any form of body armour.
You are cold-blooded and may be slowed by cold attacks.
You are resistant to acid. (rCorr)


Message History

An orc priest is nearby!
Press: ? - help, Shift-Dir - straight line, f - orc priest
Aim: an orc priest, wielding a +0 flail You spit a glob of acid.
The glob of acid misses the orc priest.
You howl as the wereblood boils in your veins!
Unknown command.
Unknown command.
Unknown command.
You feel better.
The orc priest invokes the aid of Beogh against you.
Beogh smites you!
* * * LOW HITPOINT WARNING * * *
Casting: Wereblood (safe; 1% risk of failure)
Confirm with . or Enter, or press ? or * to list all spells.
You miscast Spider Form.
You are very lightly contaminated with residual magic.
Nothing appears to happen.
The orc priest invokes the aid of Beogh against you.
Pain shoots through your body!
You die...

..# .. ......+....#
##$ #.... ..#
..........#.##.#
...##.... ..##..
.......#..#.#
........ ....
###....##.#.#
#.###...†. ..# #...#
.......... ..# ###..#
#.####.... #.# #....#
#.# #.... #<# #o##.##
#.# #†... ###
####@##..# #.# #.###
#######
#....###.###.# #.#
.......
#÷...###..##.# #.#
########
#............####.###
.# #...#
#....####.....{......
.# #...# ######
#..####.....#
.###...### #..#
##...## .#......<#
#.o# ##o## .#.#######
#.o## #.#


You could see an orc priest.

Vanquished Creatures
  Pikel (D:5)
  Joseph (D:8)
  Prince Ribbit (D:7)
  Grinder (D:4)
  Eustachio (D:5)
  A black bear (D:6)
  Purgy (D:4)
  A sky beast (D:6)
  An orc warrior (D:7)
  2 ice beasts (D:7)
  2 phantoms
  3 ogres
  4 lemures (D:5)
  3 wolves (D:8)
  2 centaurs
  7 bullfrogs
  A wyvern zombie (D:6)
  3 scorpions
  6 killer bees (D:7)
  3 howler monkeys (D:8)
  2 bullfrog zombies
  3 jellies (D:6)
  3 hounds
  4 orc priests
  2 orc wizards (D:7)
  Ijyb (D:5)
  Terence (D:3)
  Natasha (D:3)
  An iguana (D:8)
  2 worker ants
  2 killer bee zombies
  4 gnolls (D:4)
  5 adders
  3 shadow imps
  3 white imps
  An ufetubus (D:6)
  2 oozes
  An adder zombie (D:5)
  4 worms
  4 leopard geckos
  7 orcs
  6 bats
  8 giant cockroaches
  15 goblins
  9 hobgoblins
  14 jackals
  11 kobolds
  3 quokkas
  7 frilled lizards
  A jackal skeleton (D:5)
  A leopard gecko skeleton (D:6)
  2 leopard gecko zombies
  7 rats
185 creatures vanquished.

Vanquished Creatures (others)
  2 fungi (D:3)
  7 plants
9 creatures vanquished.

Grand Total: 194 creatures vanquished

Notes
Turn   | Place    | Note
-------+----------+-------------------------------------------
     0 | D:1      | marklar909 the Draconian Transmuter began the quest for the
                  | Orb.
     0 | D:1      | Reached XP level 1. HP: 16/16 MP: 3/3
   355 | D:1      | Reached XP level 2. HP: 19/23 MP: 3/5
   533 | D:1      | Learned a level 2 spell: Wereblood
  1003 | D:1      | Reached XP level 3. HP: 26/28 MP: 2/6
  2456 | D:2      | Found a bloodstained altar of Trog.
  2778 | D:2      | Reached XP level 4. HP: 36/36 MP: 3/7
  3354 | D:3      | Reached XP level 5. HP: 41/41 MP: 8/8
  3370 | D:3      | Noticed Terence
  3412 | D:3      | Killed Terence
  3589 | D:3      | Found a runed translucent door.
  3590 | D:3      | Noticed Crazy Yiuf
  3717 | D:3      | Reached skill level 1 in Throwing
  3727 | D:3      | Learned a level 3 spell: Spider Form
  3785 | D:3      | Noticed Natasha
  3796 | D:3      | Killed Natasha
  4496 | D:3      | Found a runed translucent gate.
  4496 | D:3      | Found a runed translucent gate.
  4522 | D:3      | Found a runed translucent gate.
  4522 | D:3      | Noticed frankcastle's ghost (amateur GnWn)
  4522 | D:3      | Identified the +2 whip of Kees {pain, rPois rC+}
  4578 | D:3      | Reached XP level 6. HP: 45/48 MP: 5/9
  4582 | D:3      | Reached skill level 4 in Unarmed Combat
  4929 | D:4      | Noticed Grinder
  4934 | D:4      | Paralysed by Grinder for 2 turns
  4941 | D:4      | Paralysed by Grinder for 5 turns
  4942 | D:4      | Killed Grinder
  4942 | D:4      | Reached skill level 5 in Transmutations
  5143 | D:4      | Noticed Purgy
  5155 | D:4      | Killed Purgy
  5155 | D:4      | Your scales start taking on a golden yellow colour.
  5155 | D:4      | Reached XP level 7. HP: 44/57 MP: 3/10
  5155 | D:4      | Gained mutation: You are resistant to acid. (rCorr) [Yellow
                  | Draconian growth]
  5312 | D:4      | Found a shimmering altar of Xom.
  5315 | D:4      | Found a hazy altar of Hepliaklqana.
  5315 | D:4      | Found a shadowy altar of Dithmenos.
  5317 | D:4      | Found an iron altar of Okawaru.
  5317 | D:4      | Found a burning altar of Makhleb.
  5317 | D:4      | Found an iron altar of Okawaru.
  5710 | D:4      | Found Xatha's Assorted Antiques.
  5718 | D:4      | Bought a scroll labelled SEYFRI NUPA for 25 gold pieces
  5718 | D:4      | Bought a scroll labelled ZAEJOE FEMU for 25 gold pieces
  5836 | D:5      | Entered Level 5 of the Dungeon
  5949 | D:5      | Reached skill level 1 in Stealth
  6109 | D:5      | Noticed Pikel
  6111 | D:5      | Noticed Ijyb
  6116 | D:5      | Noticed Eustachio
  6146 | D:5      | Killed Ijyb
  6146 | D:5      | Reached skill level 5 in Unarmed Combat
  6153 | D:5      | Killed Pikel
  6153 | D:5      | Reached skill level 1 in Poison Magic
  6153 | D:5      | Reached XP level 8. HP: 50/66 MP: 8/11
  6252 | D:5      | Killed Eustachio
  6252 | D:5      | Reached skill level 6 in Unarmed Combat
  6805 | D:5      | Found a runed translucent door.
  7081 | D:5      | Found a stormy altar of Qazlal.
  7145 | D:5      | Found a hide-covered altar of Uskayaw.
  7145 | D:5      | Found a shimmering blue altar of Sif Muna.
  7190 | D:5      | Noticed DonnieDarkness's ghost (novice GnWn)
  7277 | D:6      | Found a staircase to the Ecumenical Temple.
  7338 | Temple   | Entered the Ecumenical Temple
  7460 | Temple   | Became a worshipper of Makhleb the Destroyer
  7826 | D:6      | Found Nemipnis's Distillery.
  7841 | D:6      | Bought a potion of lignification for 42 gold pieces
  7841 | D:6      | Bought a potion of degeneration for 14 gold pieces
  7841 | D:6      | Bought a potion of curing for 42 gold pieces
  7841 | D:6      | Bought a potion of brilliance for 56 gold pieces
  7911 | D:6      | Reached XP level 9. HP: 73/73 MP: 8/12
  7975 | D:6      | Reached skill level 5 in Dodging
  7975 | D:6      | Reached skill level 7 in Unarmed Combat
  8435 | D:6      | Reached skill level 5 in Fighting
  8602 | D:6      | Learned a level 5 spell: Blade Hands
  8643 | D:7      | Found Pusetene's Distillery.
  9537 | D:7      | Noticed Prince Ribbit
  9548 | D:7      | Killed Prince Ribbit
  9548 | D:7      | Reached skill level 8 in Unarmed Combat
  9601 | D:7      | Found a glowing silver altar of Zin.
 10188 | D:8      | Noticed Joseph
 10204 | D:8      | Reached * piety under Makhleb
 10218 | D:8      | Killed Joseph
 10218 | D:8      | Reached XP level 10. HP: 33/83 MP: 10/13
 10647 | D:8      | Found an ancient bone altar of Kikubaaqudgha.
 10647 | D:8      | Found a broken altar of Ashenzari.
 10780 | D:8      | Noticed Grum
 10828 | D:8      | Noticed Erica
 10864 | D:8      | Killed from afar by an orc priest

Illustrated notes

Levels and vault maps discovered:
D:1:      kennysheep_arrival_seaside, layout_basic, serial_bayou_ford_a,
          wander_ebering_terrifying_dragon_lair
D:2:      minmay_alternating_diamond, layout_basic, bloody_trog
D:3:      layout_basic, gammafunk_ghost_nasty_kobolds, nrook_mini_vaults,
          st_stairs_10, uniq_crazy_yiuf_cottage, uniq_terence, uniq_natasha
D:4:      layout_loops_ring, doesnt_xom_only_xom, serial_shops, shop,
          uniq_purgy, uniq_grinder
D:5:      layout_cave_pools, gammafunk_temple_overflow_statue,
          nicolae_qazlal_eye_of_the_storm, ebering_ghost_reflecting_pool,
          uniq_pikel, uniq_eustachio, uniq_ijyb
D:6:      layout_rooms, nicolae_overflow_hidden_temple,
          minmay_temple_entry_arrows, minmay_misc_feat_four_crosses,
          kennysheep_small_square
D:7:      layout_loops_corners, lemuel_round_altar, serial_shops,
          nicolae_shop_waterfront, uniq_prince_ribbit1
D:8:      cheibrodos_barr_body, layout_basic,
          gammafunk_temple_overflow_elements, supply_closet_lemuel, uniq_grum,
          uniq_erica, uniq_joseph
Temple:   minmay_temple_curvy_loop

Skill      XL: |  1  2  3  4  5  6  7  8  9 10 |
---------------+-------------------------------+-----
Dodging        | 2 3 4 5 6 |  6.0
Fighting       | 2 3 4 6 |  6.3
Transmutations | 3 4 5 6 7 |  7.9
Throwing       | 1 |  1.4
Unarmed Combat | 4 5 6 8 |  8.7
Stealth        | 1 2 |  2.2
Poison Magic   | 1 3 |  3.1
Spellcasting   | |  2.4

Action                   |  1- 3 |  4- 6 |  7- 9 | 10-12 || total
-------------------------+-------+-------+-------+-------++-------
Melee: Unarmed           |   135 |   110 |   302 |    32 ||   579
       Kick              |    18 |    17 |     7 |       ||    42
       Headbutt          |    12 |    22 |     6 |       ||    40
       Tailslap          |    12 |     6 |     6 |       ||    24
       Punch             |     1 |     1 |     1 |       ||     3
Throw: Dart              |     3 |    45 |       |       ||    48
 Cast: Beastly Appendage |    32 |    21 |     5 |       ||    58
       Wereblood         |    21 |    17 |     4 |     3 ||    45
       Spider Form       |       |     3 |    40 |     6 ||    49
 Abil: Breathe Acid      |       |       |    11 |     1 ||    12
       End Transformatio |       |       |     1 |       ||     1
  Use: Scroll            |       |     3 |    11 |     3 ||    17
       Potion            |       |     1 |     1 |     5 ||     7
 Stab: Sleeping          |       |       |       |     1 ||     1
Armor: Skin              |    46 |    39 |    28 |       ||   113
Dodge: Dodged            |   101 |    79 |   213 |    41 ||   434
Block: Other             |     4 |    28 |    65 |    14 ||   111
       Reflection        |       |     1 |     2 |       ||     3

Table legend: (Time is in decaauts)
 A = Elapsed time spent in this place.
 B = Non-inter-level travel time spent in this place.
 C = Inter-level travel time spent in this place.
 D = Time resting spent in this place.
 E = Time spent auto-exploring this place.
 F = Levels seen in this place.
 G = Mean time per level.
                   A        B        C        D        E       F      G
               +--------+--------+--------+--------+--------+-----+--------+
         Total |  10810 |  10370 |    440 |    714 |   8114 |   9 | 1201.1 |
       Dungeon |  10632 |  10248 |    384 |    714 |   7997 |   8 | 1329.0 |
        Temple |    178 |    122 |     56 |      0 |    117 |   1 |  178.0 |
               +--------+--------+--------+--------+--------+-----+--------+

Top non-repeatable levels by time:
     D:1: 2120 daAuts
     D:3: 1600 daAuts
     D:5: 1573 daAuts
     D:7: 1426 daAuts
     D:2: 1070 daAuts
     D:4: 1035 daAuts
     D:6: 1016 daAuts
     D:8: 789 daAuts
  Temple: 178 daAuts
